 Dungeon Crawl Stone Soup version 0.26-a0-651-gb41185065b (webtiles) character file.

Game seed: 529293307539500219

49 grandjackal the Ducker (level 3, 0/28 HPs)
             Began as a Demonspawn Gladiator on Sept 30, 2020.
             Slain by a hobgoblin
             ... wielding a +0 club
              (7 damage)
             ... on level 1 of the Dungeon.
             The game lasted 00:01:45 (970 turns).

grandjackal the Ducker (Demonspawn Gladiator)        Turns: 970, Time: 00:01:45

Health: 0/28       AC:  6    Str: 15    XL:     3   Next: 51%
Magic:  3/3        EV: 13    Int:  9    God:
Gold:   101        SH:  0    Dex: 14    Spells: 2/2 levels left

rFire    . . .     SeeInvis .   a - +0 long sword
rCold    . . .     Faith    .   (no shield)
rNeg     . . .     Spirit   .   b - +0 leather armour
rPois    .         Reflect  .   c - +0 helmet
rElec    .         Harm     .   (no cloak)
rCorr    .         Rampage  .   (no gloves)
MR       .....                  (no boots)
Stlth    +.........             (no amulet)
HPRegen  0.09/turn              (no ring)
MPRegen  0.08/turn              (no ring)

@: no status effects
A: thin metallic scales 1
a: no special abilities


You were on level 1 of the Dungeon.
You visited 1 branch of the dungeon, and saw 2 of its levels.

You collected 101 gold pieces.

Inventory:

Hand Weapons
 a - a +0 long sword (weapon)
Missiles
 d - 3 throwing nets (quivered)
Armour
 b - a +0 leather armour (worn)
 c - a +0 helmet (worn)
 h - a +0 buckler
 i - a +0 ring mail
Scrolls
 f - a scroll of fog {unknown}
 g - 2 scrolls of identify {unknown}
 j - a scroll of enchant weapon {unknown}
Potions
 e - a potion of haste {unknown}
 k - a potion of heal wounds {unknown}


   Skills:
 + Level 2.7 Fighting
 + Level 3.2 Long Blades
 - Level 1.7 Throwing
 + Level 3.2 Dodging
 + Level 0.3 Shields


You had 2 spell levels left.
You didn't know any spells.
Your spell library was empty.

Dungeon Overview and Level Annotations

Branches:
Dungeon (2/15)

Altars:
Vehumet


Innate Abilities, Weirdness & Mutations

You are partially covered in thin metallic scales. (AC +2)


Message History

The worm bites you.
You are too injured to fight recklessly!
You are too injured to fight recklessly!
You are too injured to fight recklessly!
You slash the worm!
The worm is almost dead.
The worm bites you!
* * * LOW HITPOINT WARNING * * *
A hobgoblin comes into view. It is wielding a +0 club.
The hobgoblin shouts!
The hobgoblin misses you.
You closely miss the hobgoblin. The hobgoblin closely misses you.
You riposte.
You closely miss the hobgoblin.
Found 7 gold pieces.
There is a stone staircase leading up here.
The hobgoblin hits you but does no damage.
You climb upwards.
There is a stone staircase leading down here.
You barely miss the hobgoblin. The hobgoblin hits you with a +0 club!
You die...

#.## #.#.#.# #.
#.# #.#.#†# #.
#.#
####.#.#.#######
#.#
#...............
#.#
#.####..........
#.# #.#
#.#######†# #.#
##.## #.# #.#
#.######...###.#
##.
#......@g....#.#
##
########...#.#>#
#
##)##.#[#########
#.##.#........#.
#.##.#.######^.#
#####.##.#.# ##.#
#........#.# #.#
#.###..###.# ##.
#.# ##.# #.# ##


You could see a hobgoblin.

Vanquished Creatures
  An adder (D:2)
  An ooze (D:1)
  A dart slug (D:1)
  A leopard gecko (D:1)
  A ball python (D:2)
  2 giant cockroaches
  5 goblins
  2 hobgoblins
  7 jackals
  4 bats
  A frilled lizard (D:1)
  4 rats
30 creatures vanquished.

Notes
Turn   | Place    | Note
-------+----------+-------------------------------------------
     0 | D:1      | grandjackal the Demonspawn Gladiator began the quest for
                  | the Orb.
     0 | D:1      | Reached XP level 1. HP: 16/16 MP: 1/1
    37 | D:1      | Gained mutation: You are partially covered in thin metallic
                  | scales. (AC +2) [demonic ancestry]
    37 | D:1      | Reached XP level 2. HP: 20/22 MP: 2/2
   493 | D:1      | Reached XP level 3. HP: 24/28 MP: 3/3
   936 | D:2      | Found a radiant altar of Vehumet.
   970 | D:1      | Slain by a hobgoblin

Illustrated notes

Levels and vault maps discovered:
D:1:      minmay_arrival_diagonal_passages, layout_loops_ring,
          minmay_pentomino_v4
D:2:      layout_basic, nicolae_overflow_crystal_walls

Skill      XL: |  1  2 |
---------------+-------+-----
Long Blades    | 3 |  3.2
Dodging        | 3 |  3.2
Fighting       | |  2.7
Throwing       | |  1.7
Shields        | |  0.3

Action                   || total
-------------------------++-------
Melee: Long sword        ||    82
Armor: Leather armour    ||    32
Dodge: Dodged            ||    66
       Rpst.: Long sword ||    25

Table legend: (Time is in decaauts)
 A = Elapsed time spent in this place.
 B = Non-inter-level travel time spent in this place.
 C = Inter-level travel time spent in this place.
 D = Time resting spent in this place.
 E = Time spent auto-exploring this place.
 F = Levels seen in this place.
 G = Mean time per level.
                   A        B        C        D        E       F      G
               +--------+--------+--------+--------+--------+-----+--------+
         Total |    990 |    980 |     10 |     82 |    676 |   2 |  495.0 |
       Dungeon |    990 |    980 |     10 |     82 |    676 |   2 |  495.0 |
               +--------+--------+--------+--------+--------+-----+--------+

Top non-repeatable levels by time:
     D:1: 721 daAuts
     D:2: 268 daAuts
